Map: 贝克特工业-天梯版

Players

玩家2 - Winner!

  • Race: Zerg Zerg

CommandeR

  • Race: Protoss Protoss
  • League: Diamond

VOD

Have the link to the VOD?

Description

Time

  • Played on: March 6, 2022, 10:37 p.m.
  • Length: 5:33
Show
View Real Time Build Order
Export as new Build Order

玩家2 Zerg - Winner!

Build Orders: Pool Only 

Get SALT Encoding   

  12  0:01  Drone  
  13  0:12  Overlord  
  13  0:16  Drone  
  14  0:37  Spawning Pool  
  14  0:40  Extractor, Drone  
  13  0:47  Drone  
  14  0:53  Overlord  
  14  1:25  Zergling x2  
  15  1:27  Queen  
  15  1:32  Extractor, Roach Warren  
  16  1:38  Drone  
  16  1:45  Drone  
  17  1:52  Zergling x2  
  18  2:05  Drone  
  19  2:12  Drone  
  20  2:19  Zergling x2  
  20  2:21  Drone  
  22  2:31  Overlord  
  22  2:35  Drone  
  23  2:42  Drone  
  24  2:47  Roach  
  24  2:49  Drone  
Show
View Real Time Build Order
Export as new Build Order

CommandeR Protoss 

Build Orders: 1 Gate Expand 

Get SALT Encoding   

  12  0:00  Probe  
  13  0:12  Probe  
  14  0:22  Pylon  
  14  0:24  Probe  
  15  0:40  Probe (Chrono Boost), Gateway  
  17  0:51  Probe (Chrono Boost), Assimilator  
  17  0:56  Probe (Chrono Boost)  
  18  1:07  Probe  
  19  1:19  Probe  
  19  1:25  Nexus  
  20  1:34  Cybernetics Core  
  20  1:37  Probe  
  21  1:44  Assimilator  
  21  1:49  Probe  
  21  1:52  Pylon  
  22  2:01  Probe  
  23  2:08  Adept (Chrono Boost)  
  23  2:13  Probe  
  26  2:23  Stargate  
  26  2:26  Probe (Chrono Boost)  
  27  2:34  Warp Gate  
  27  2:35  Probe (Chrono Boost)  
  29  2:39  Probe (Chrono Boost)  
  29  2:42  Stalker  
  32  2:45  Probe (Chrono Boost)  
  32  2:49  Probe (Chrono Boost)  
  33  2:55  Probe (Chrono Boost)  
  33  2:56  Probe (Chrono Boost)  
  35  3:01  Void Ray (Chrono Boost)  
  35  3:03  Probe  
  37  3:05  Probe  
  41  3:15  Adept, Probe  
  41  3:17  Probe  
  45  3:26  Pylon  
  45  3:28  Probe  
  46  3:34  Robotics Facility  
  46  3:51  Twilight Council  
  46  4:01  Gateway  
  46  4:02  Gateway  
  46  4:04  Gateway  
  46  4:05  Gateway  
  46  4:07  Gateway x2  
  46  4:18  Warp Prism (Chrono Boost)  
  46  4:22  Zealot  
  50  4:31  Gateway  
  50  4:36  Pylon  
  50  4:38  Pylon  
  50  4:39  Pylon  
  50  4:40  Pylon  
  50  4:46  Zealot  
  52  5:04  Zealot x5  
  52  5:05  Zealot  
  52  5:06  Zealot  
  66  5:28  Zealot x3  
  66  5:29  Zealot x5  
Tags
 
Add a new tag
Caveats
  • Supply blocks, unpowered buildings, or Contaminate may cause inaccurate times.
  • Supply counts are checked every 10 seconds.